[Event "*** Titled Tuesday Blitz"]
[Site "Chess.com"]
[Date "2019.04.02"]
[Round "5"]
[White "Grischuk"]
[Black "SavelijTartakover"]
[Result "1/2-1/2"]
[WhiteElo "3058"]
[BlackElo "2610"]
[TimeControl "180+2"]
[EndTime "15:06:49 PDT"]
[Termination "Game drawn by agreement"]

1. e4 e6 2. Nc3 d5 3. Nf3 Nf6 4.
e5 Nfd7 5. Ne2 c5 6. c3 c4 7. d4 cxd3 8. Ned4 Nc6 9. Nxc6 bxc6 10. Bxd3 Be7 11. O-O a5 12. Re1 Ba6 13. Nd4 Qc7 14. Bxa6 Rxa6 15. Qg4 g6 16. Bh6 Rb6 17. b3 c5 18. Nf3 Bf8 19. Qh4 Qd8 20. Qf4 Bxh6 21. Qxh6 Qe7 22. Rab1 Qf8 23. Qd2 Qe7 24. c4 d4 25.
Qxa5 O-O 26. Re2 Rfb8 27. Ne1 Qg5 28. Nd3 Qf5 29. Rd1 h5 30. Qe1 Ra8 31. f3 Qg5 32. h4 Qh6 33. Qg3 Rba6 34. Rdd2 Ra5 35. Kh2 Nb8 36.
Qf4 Qxf4+ 37. Nxf4 Nc6 38. Nd3 Rb8 39. Kg3 Nb4 40.
Nxb4 Rxb4 41. Kf4 Kg7 42. g4 hxg4 43. fxg4 Rb8 44. h5 Rh8 45. Rh2 Raa8 46. Rdg2 gxh5 47.
gxh5+ Kh6 48. Ke4 Rhg8 49. Rxg8 Rxg8 50. Rf2 Rg4+ 51. Rf4 Rg2 52. Rxf7 Re2+ 53. Kd3 Re3+ 54. Kd2 Rxe5 55. a4 Re3 56. a5 Rxb3 57. Rc7 e5 58.
Rc6+ Kxh5 59. Rxc5 Kg4 60. Rxe5 Kf4 61. Re8 Ra3 62.
Rd8 Rxa5 63. Rxd4+ Ke5 64. Rh4 Kd6 65. Kc3 Kc7 66. Kb4 Rf5 67. Rh6 Rg5 68. Kc3 Rf5 69. Kd4 Rg5 70. Re6 Rf5 71. Kc3 Rg5 72.
Kb4 Rf5 73. Ra6 Rg5 74. Ra7+ Kb6 75. Rf7 Kc6 76. Rf6+ Kc7 77. Rh6 Rf5 78. Rg6 1/2-1/2

[Event "*** Titled Tuesday Blitz"]
[Site "Chess.com"]
[Date "2019.04.02"]
[Round "5"]
[White "Vusatiuk_Vladimir"]
[Black "Caterpiller35"]
[Result "1-0"]
[WhiteElo "2182"]
[BlackElo "2214"]
[TimeControl "180+2"]
[EndTime "15:06:54 PDT"]
[Termination "Vusatiuk_Vladimir won by resignation"]

1. e4 c5 2. Nf3 g6 3. d4 cxd4 4. Qxd4 Nf6 5. Nc3 Nc6 6. Qa4 d6 7. e5 dxe5 8. Nxe5 Bd7 9. Nxd7 Nxd7 10. Bb5 Bg7 11. Bd2 O-O 12. Bxc6 Nb6 13. Qe4 bxc6 14.
Rd1 Nd5 15. O-O Rb8 16. Na4 Nf6 17. Qc4 Qd5 18. Qxd5 cxd5 19. Bc3 e6 20. Nc5 Rfc8 21. Nd3 Ne4 22. Bxg7 Kxg7 23. c3 a5 24. f3 Nd6 25.
Rf2 Nc4 26. a4 Rb3 27. Ra1 Rcb8 28. Ra2 e5 29. Re2 f6 30. Kf1 Kf7 31. Ke1 h5 32. Kd1 h4 33. Kc1 g5 34. Nc5 R3b6 35. Nd7 Ke6 36. Nxb8 Rxb8 37. Kc2 Nd6 38. b3 Rc8 39.
Kd3 e4+ 40. fxe4 dxe4+ 41. Kd4 f5 42. c4 Nf7 43. g3 hxg3 44. hxg3 Ne5 45. Ke3 Ng4+ 46.
Kd4 Rd8+ 47. Kc5 Rd3 48. Rg2 Rxb3 49. Rab2 Rxb2 50. Rxb2 Ke5 51. Rb8 f4 52. gxf4+ gxf4 53. Re8+ Kf5 54. Kd4 e3 55. c5 f3 56. c6 f2 57. Rf8+ Nf6 58. c7 f1=Q 59. c8=Q+ Kg6 60. Qg4+ Kh7 61. Rf7+ Kh6 62. Qg7+ Kh5 63. Rxf6 Qa1+ 64. Kxe3 Qc3+ 65. Ke4 Qc4+ 66. Ke5 Qe2+ 67. Kd6 Qa6+ 68. Ke7 Qb7+ 69. Kf8 Qc8+ 70. Kf7 Qd7+ 71. Kg8 Qe8+ 72. Qf8 Qd7 73. Qf7+ Kh4 74. Qxd7 1-0

[Event "*** Titled Tuesday Blitz"]
[Site "Chess.com"]
[Date "2019.04.02"]
[Round "5"]
[White "Sajkochess"]
[Black "Denis_Palkovich"]
[Result "1-0"]
[WhiteElo "2317"]
[BlackElo "2228"]
[TimeControl "180+2"]
[EndTime "15:06:57 PDT"]
[Termination "Sajkochess won on time"]

1. e4 c6 2. d4 d5 3. Nd2 dxe4 4. Nxe4 Nf6 5. Nxf6+ exf6 6. c3 Bf5 7. Bd3 Bxd3 8.
Qxd3 Bd6 9. Ne2 O-O 10. O-O Qc7 11.
g3 Nd7 12. Bf4 Rfe8 13. Bxd6 Qxd6 14. Rad1 g6 15. Nf4 f5 16. Rfe1 Nf6 17. f3 Nd5 18.
Nxd5 Qxd5 19. c4 Qd6 20. Kf2 Rad8 21. Rxe8+ Rxe8 22. Re1 Rd8 23. Rd1 f4 24. g4 Qf6 25.
Kg2 c5 26. d5 Qxb2+ 27. Qd2 Qxd2+ 28. Rxd2 Rd6 29. Kf2 Kf8 30. Ke2 Ke7 31. Kd3 b5 32. Re2+ Kd7 33. Re4 g5 34. Re5 f6 35. Re2 Ra6 36.
cxb5 Ra3+ 37. Ke4 Kd6 38. Kf5 Rxf3 39. Kxf6 h6 40. a4 Re3 41. Rd2 f3 42. Rf2 Kxd5 43.
Kg6 Ke4 44. Kxh6 Re2 45. Rf1 Kf4 46. h4 gxh4 47. g5 Kg3 48. g6 Kg2 49. g7 Re8 50. Re1 Rb8 51. Re6 f2 52. Rg6+ Kh2 53. Rf6 Rb6 54.
Rxb6 axb6 55. g8=Q f1=Q 56. Qb8+ Kg1 57. Qxb6 h3 58. Qxc5+ Qf2 59. Qg5+ Qg2 60. Qc1+ Qf1 61. Qg5+ Kh1 62. Qd5+ Kg1 63. Qg5+ Kf2 64. Qf4+ Ke1 65. Qe3+ Kd1 66. Qb3+ Kd2 67. Qb2+ Kd3 68. b6 Qf4+ 69.
Kg6 Qe4+ 70. Kf6 Qf4+ 71. Ke6 1-0

[Event "*** Titled Tuesday Blitz"]
[Site "Chess.com"]
[Date "2019.04.02"]
[Round "5"]
[White "Yurovskykh_Oleksandr"]
[Black "SaraciNderim"]
[Result "1/2-1/2"]
[WhiteElo "2508"]
[BlackElo "2721"]
[TimeControl "180+2"]
[EndTime "15:07:03 PDT"]
[Termination "Game drawn by repetition"]

1. d4 Nf6 2. Nf3 g6 3. Bg5 Bg7 4. Nbd2 c5 5. Bxf6 Bxf6 6. Ne4 Bxd4 7. Nxd4 cxd4 8. Qxd4 f6 9. c4 Nc6 10. Qd2 Qa5 11. Qxa5 Nxa5 12. e3 b6 13. Be2 Bb7 14. Bf3 Nxc4 15. Nxf6+ exf6 16. Bxb7 Rb8 17. Ba6 Nxb2 18.
a4 d5 19. Ke2 Ke7 20. Rhc1 Rhd8 21. Rc7+ Rd7 22. Rac1 Rd8 23. Rxd7+ Rxd7 24. Rc2 Nc4 25. Bxc4 dxc4 26. Rxc4 f5 27. h4 Ke6 28. Kf3 Rb7 29.
Kf4 a6 30. e4 fxe4 31. Kxe4 Kd6 32. Kd4 b5 33. axb5 axb5 34. Rb4 Kc6 35. Kc3 Re7 36.
Rf4 Kc5 37. h5 gxh5 38. Rf5+ Kb6 39. Rxh5 Ka5 40. Kb3 Rf7 41. f3 Rg7 42. g4 Rf7 43. Rf5 Re7 44. Rh5 Re3+ 45. Kb2 Rxf3 46. Rxh7 Rg3 47. g5 Ka4 48. Rh4+ b4 49. Rh2 Rb3+ 50. Ka2 Rg3 51. Kb2 Rxg5 52. Rh3 Rg2+ 53. Kb1 Rf2 54. Rg3 Re2 55. Rh3 Rd2 56. Re3 Kb5 57.
Re5+ Kc4 58. Re3 Rd1+ 59. Kb2 Rg1 60. Rh3 Rg2+ 61. Kb1 Rd2 62. Kc1 Ra2 63. Kb1 Rf2 64. Rg3 Kb5 65. Rh3 Ka4 66. Rg3 Re2 67. Rh3 Re4 68.
Rg3 Rc4 69. Rh3 b3 70. Rh8 Kb4 71. Kb2 Rc2+ 72. Kb1 Rc5 73. Kb2 Rc2+ 74. Kb1 Rc6 75. Kb2 Rc2+ 76. Kb1 Rc7 77. Kb2 Rc2+ 78. Kb1 Rf2 79. Rb8+ Kc3 80. Rc8+ Kb4 81. Rb8+ Kc3 82. Rc8+ Kb4 83. Rb8+ 1/2-1/2

[Event "*** Titled Tuesday Blitz"]
[Site "Chess.com"]
[Date "2019.04.02"]
[Round "5"]
[White "PulpanJ"]
[Black "Zavgorodniy_Serg"]
[Result "0-1"]
[WhiteElo "2667"]
[BlackElo "2482"]
[TimeControl "180+2"]
[EndTime "15:07:06 PDT"]
[Termination "Zavgorodniy_Serg won on time"]

1. e4 e5 2. Nf3 d6 3. d4 exd4 4.
Nxd4 Nf6 5. Nc3 Be7 6. g3 O-O 7. Bg2 c6 8. O-O Re8 9. h3 Na6 10. Re1 Nc5 11. b4 Ne6 12. Bb2 Qc7 13. Nxe6 Bxe6 14.
Qd4 Qb6 15. Qxb6 axb6 16. a3 b5 17. f3 Nd7 18. Ne2 Nb6 19. Nd4 Nc4 20. Bc1 Bf6 21. c3 Bd7 22. Rd1 c5 23. bxc5 dxc5 24. Nb3 Bc6 25. Nxc5 Bxc3 26. Ra2 Red8 27. Rxd8+ Rxd8 28. Kh2 Rd1 29. Rc2 Bd4 30. Nb3 Bg1+ 31. Kh1 Be3+ 32.
Kh2 Bg1+ 33. Kh1 Be3+ 34. Kh2 Bxc1 35. Rxc1 Rd3 36. Nc5 Rxa3 37. Bf1 Ne3 38. Kg1 Nxf1 39. Rxf1 Rc3 40. Rd1 g6 41. Nd3 b4 42. Nxb4 Rxf3 43. Nxc6 bxc6 44. Kg2 Rc3 45. Rd7 h5 46. h4 Kf8 47. e5 Ke8 48. Rc7 c5 49. Kf2 c4 50.
Kg2 Rc1 51. Kf3 c3 52. Kg2 c2 53. Rc3 Ke7 54. Rc5 Ke6 55. Kh2 Kf5 56. Kg2 Ke4 57. Rc8 Kxe5 58. Kh2 Ke4 59. Kg2 Ke3 60. Re8+ Kd3 61.
Rd8+ Kc3 62. Rc8+ Kd4 63. Rd8+ Ke4 64. Rc8 f6 65. Re8+ Kd5 66. Rc8 f5 67. Rd8+ Ke5 68.
Re8+ Kd6 69. Rc8 Kd7 70. Rc3 Ke6 71. Rc6+ Ke5 72. Rc5+ Kd4 73. Rc8 f4 74. gxf4 Ke4 75.
Kh2 Kf3 76. Rc4 Re1 77. Rc3+ Re3 78. Rxc2 Re2+ 79. Rxe2 Kxe2 80. Kg3 Ke3 81. f5 gxf5 82. Kg2 f4 83. Kf1 Kf3 84. Kg1 Ke2 0-1

[Event "*** Titled Tuesday Blitz"]
[Site "Chess.com"]
[Date "2019.04.02"]
[Round "5"]
[White "NMZanette"]
[Black "WPWPWP-2015"]
[Result "1/2-1/2"]
[WhiteElo "2220"]
[BlackElo "2369"]
[TimeControl "180+2"]
[EndTime "15:07:51 PDT"]
[Termination "Game drawn - insufficient material"]

1. e4 c5 2. Nf3 e6 3. Nc3 Nc6 4. Bb5 Nd4 5. Nxd4 cxd4 6. Ne2 Bc5 7.
O-O a6 8. Bd3 Ne7 9. c3 d5 10.
cxd4 dxe4 11. Bxe4 Bd6 12. Qb3 O-O 13. d3 Ng6 14. f4 Qe7 15. Be3 a5 16. a4 Bb4 17.
Rac1 f5 18. Bf3 Nh4 19. Nc3 Nxf3+ 20. Rxf3 b6 21. Rf2 Bb7 22. d5 exd5 23. Bxb6 Rac8 24. Rcf1 Qe6 25. Bd4 Kh8 26. Kh1 Ba6 27. Nb5 Qd7 28.
Na3 Rfe8 29. Nc2 Bf8 30. Be5 Re6 31. Nd4 Rg6 32. h3 h6 33. Rc2 Rxc2 34. Qxc2 Kh7 35. b3 Rb6 36. Rc1 Qf7 37. Qc7 Qxc7 38. Rxc7 Kg6 39.
Rc6+ Rxc6 40. Nxc6 Bxd3 41. Nxa5 Bc2 42. Bc3 Bc5 43.
Nb7 Ba7 44. Nd6 Bxb3 45. Nb5 Bc5 46. a5 Bc4 47. Nd4 Bd6 48. g3 h5 49. Kg2 h4 50.
Kf3 hxg3 51. Kxg3 Bc7 52. Nf3 Kh7 53. Ng5+ Kg6 54. Ne6 Bd6 55. Nd4 Kf7 56. Nxf5 Bc7 57. Kg4 Bd3 58. Nd4 g6 59. Nc6 Bb5 60. Nd4 Bd7+ 61.
Kg3 g5 62. Bd2 gxf4+ 63. Bxf4 Bxa5 64. Be5 Be1+ 65. Kh2 Kg6 66. Nf3 Bb4 67. Bd4 Kf5 68. Ne5 Be8 69. Nd3 Bd2 70. Bf2 Ke4 71. Nc5+ Kf3 72. Bg3 Be3 73. Nd3 d4 74. Ne1+ Ke2 75.
Nc2 d3 76. Nxe3 Kxe3 77. Be1 Ke2 78. Bc3 Bf7 79. Kg3 Be8 80. h4 Bf7 81. Kf4 Be8 82.
Kg5 Bf7 83. Kf4 Be8 84. Ke5 Kd1 85. Kd4 Kc2 86. Ba5 Bh5 87. Ke3 Bd1 88. Be1 Be2 89. Ba5 Bg4 90. Bb4 Bf5 91. Ba5 Bg6 92. Bd2 Bh7 93.
h5 Bg8 94. h6 Bh7 95. Ba5 Bf5 96. Be1 Bg6 97. Ba5 Bh7 98. Bd2 Kd1 99. Ba5 Bg6 100. Bd2 Bf5 101. Ba5 Bh7 102. Kf4 Ke2 103. Kg5 Be4 104. Kf6 Ke3 105. Kg7 d2 106. Bxd2+ Kxd2 107. h7 Bxh7 1/2-1/2

[Event "*** Titled Tuesday Blitz"]
[Site "Chess.com"]
[Date "2019.04.02"]
[Round "5"]
[White "effefe"]
[Black "albano87"]
[Result "1-0"]
[WhiteElo "2270"]
[BlackElo "2287"]
[TimeControl "180+2"]
[EndTime "15:07:51 PDT"]
[Termination "effefe won by resignation"]

1. d4 d5 2. c4 e6 3. Nc3 Nf6 4. Nf3 Be7 5. Bg5 O-O 6. e3 b6 7. cxd5 exd5 8. Bd3 Nbd7 9. Rc1 Bb7 10. O-O c5 11. Bb1 Ne4 12. Bxe7 Qxe7 13. Qd3 Ndf6 14. dxc5 bxc5 15. Qb5 Rab8 16. Qa5 Bc6 17. b3 Rfd8 18. Nxe4 Nxe4 19. Bxe4 dxe4 20. Qxc5 Qxc5 21. Rxc5 Bb5 22. Nd4 Bxf1 23. Kxf1 Rbc8 24. Ra5 Rc7 25. Ke2 g6 26.
Kd2 h5 27. Re5 f5 28. Ra5 Rd6 29. Ke2 Kf7 30. f3 exf3+ 31. Kxf3 a6 32. Ne2 Kf6 33. h4 Re7 34. Nf4 Re5 35. Ra4 Rc5 36. b4 Rc3 37.
Ra5 g5 38. Nd5+ Rxd5 39. Rxd5 g4+ 40. Kf4 Rc4+ 41. Rd4 Rc2 42. Rd6+ Ke7 43. Rxa6 Rxg2 44. Kxf5 Rb2 45. a3 g3 46. Rg6 g2 47. Kf4 Rf2+ 48.
Ke4 Kf7 49. Rg5 Kf6 50. b5 Ra2 51. Kf3 Rxa3 52. Rxg2 Rb3 53. Rg5 Rb4 54. Rxh5 Kg6 55. Rg5+ Kf6 56. Kg3 Re4 57. Kf3 Rxh4 58. Rc5 Rb4 59. e4 Ke6 60. Kf4 Rb1 61. Rc6+ Kd7 62. Rc5 Kd6 63. Rd5+ Ke6 64. Re5+ Kd6 65. Rd5+ Ke6 66.
Ke3 Rb3+ 67. Kd4 Rb4+ 68. Kc5 Rxe4 69. b6 Re1 70. Rd2 Rb1 71. Kc6 Rb3 72. Kc7 Rb1 73. b7 Rc1+ 74. Kb8 Ra1 75. Kc8 Rc1+ 76. Kd8 Rb1 77.
Kc8 Rc1+ 78. Kb8 Ra1 79. Rd3 Ra2 80. Rd1 Ra3 81. Kc7 Rc3+ 82. Kd8 Rb3 83. Rd7 Rb1 84. Kc8 Rc1+ 85. Rc7 Rf1 86. b8=Q 1-0

[Event "*** Titled Tuesday Blitz"]
[Site "Chess.com"]
[Date "2019.04.02"]
[Round "5"]
[White "Paralinch"]
[Black "Gordima"]
[Result "1/2-1/2"]
[WhiteElo "2809"]
[BlackElo "2722"]
[TimeControl "180+2"]
[EndTime "15:09:16 PDT"]
[Termination "Game drawn by repetition"]

1. e4 c5 2. Nf3 Nc6 3. d4 cxd4 4. Nxd4 Nf6 5. Nc3 e5 6. Ndb5 d6 7. Bg5 a6 8. Na3 b5 9. Nd5 Be7 10. Bxf6 Bxf6 11. c4 b4 12. Nc2 O-O 13. h4 a5 14.
g3 a4 15. b3 Be6 16. Be2 Nd4 17. Nxd4 exd4 18. Bd3 Bxd5 19. cxd5 axb3 20. axb3 Rxa1 21. Qxa1 Qc7 22. O-O Qc3 23. Qb1 Rc8 24. Bc4 d3 25.
Qxd3 Qxd3 26. Bxd3 Rc3 27. Bc4 Bd4 28. Rd1 Bc5 29. e5 Rxg3+ 30. Kf1 Rh3 31. Kg2 Rxh4 32. Ra1 g6 33. exd6 Bxd6 34. Ra6 Bf8 35. Kf3 Rd4 36.
Rc6 h5 37. Ke3 Rd1 38. Ke2 Rd4 39. Ke3 Rd1 40. Ke2 Rd4 41. Ke3 Bg7 42. d6 Rd1 43.
Rc8+ Kh7 44. Rc7 Rxd6 45. Rxf7 Kh6 46. Rb7 Bd4+ 47. Ke2 Rf6 48. f3 Bc3 49. Kf2 Kg5 50.
Kg3 Be5+ 51. Kg2 Rd6 52. Rxb4 Rd2+ 53. Kf1 h4 54. Be6 Bf4 55. Rb5+ Kf6 56. Bg4 g5 57. b4 Rb2 58. Rf5+ Kg6 59. b5 Be3 60. Re5 Bd4 61. Rd5 Be3 62. Ke1 Rg2 63. b6 Rb2 64. Rd6+ Kg7 65.
Rd7+ Kf6 66. b7 Bf4 67. Kd1 Ke5 68. Ke1 Kf6 69. Rh7 Bb8 70. Kd1 Ke5 71. Kc1 Rb6 72. Kc2 Kf4 73. Kc3 Kg3 74. Kc4 Bf4 75. Kc5 Be3+ 76.
Kd5 Bf4 77. Kd4 Rb4+ 78. Kc5 Rb1 79. Kc6 Rc1+ 80. Kd5 Rd1+ 81. Ke6 Rb1 82. Kd5 Rb5+ 83. Kc4 Rb6 84. Kc3 Rb1 85. Kc2 Rb6 86. Kd3 Rb4 87. Kc3 Rb6 88. Kc4 Bb8 89. Kc5 Rb2 90. Kc6 Rb4 91. Rh8 Be5 92. Re8 Bf4 93. Rh8 Rb1 94. Rh7 Be3 95. Bf5 Rb2 96. Bg4 Rc2+ 97. Kd7 Bf4 98. Ke6 Rc5 99. Rh8 Re5+ 100. Kd7 Rb5 101.
Kc6 Rb2 102. Rh7 Be3 103. Rh8 Rb6+ 104. Kc7 Rb2 105. Kc6 Bf4 106. Rh7 Be5 107. Kd5 Bf4 108. Kc6 Rc2+ 109. Kb5 Rb2+ 110. Kc6 Be3 111. Kd5 Bf2 112. Kc6 Be3 1/2-1/2

[Event "*** Titled Tuesday Blitz"]
[Site "Chess.com"]
[Date "2019.04.02"]
[Round "5"]
[White "GMJimKnopf"]
[Black "sofaceindisguise"]
[Result "1-0"]
[WhiteElo "2663"]
[BlackElo "2546"]
[TimeControl "180+2"]
[EndTime "15:09:29 PDT"]
[Termination "GMJimKnopf won by resignation"]

1. e4 c5 2. Nf3 d6 3. d4 cxd4 4.
Nxd4 Nf6 5. Nc3 a6 6. Bg5 e6 7. Qe2 Be7 8. f4 h6 9. Bxf6 Bxf6 10. O-O-O Nd7 11. g4 Qb6 12. Qd2 Nc5 13. h4 g6 14.
Bg2 Bd7 15. g5 hxg5 16. hxg5 Rxh1 17. Bxh1 Bg7 18. f5 Be5 19. Nf3 O-O-O 20. Nxe5 dxe5 21.
fxg6 fxg6 22. Qh2 Na4 23. Nxa4 Bxa4 24. Rxd8+ Kxd8 25. Qh8+ Be8 26. Qf6+ Kd7 27. Bf3 Qe3+ 28. Kd1 Qg1+ 29. Ke2 Qd4 30. c3 Qc4+ 31. Kf2 Qc5+ 32. Kg2 Qb5 33. b4 Qc4 34. Qxe5 Qxa2+ 35. Kg3 Qa1 36.
Bg4 Qg1+ 37. Kh3 Qf1+ 38. Kh2 Bf7 39. Qd4+ Ke7 40. e5 Kf8 41. Bh3 Qc1 42. Qd8+ Kg7 43.
Qf6+ Kg8 44. Bxe6 Qd2+ 45. Kg1 Qe3+ 46. Kf1 Qc1+ 47. Ke2 Qc2+ 48. Kf1 Qd3+ 49. Kg2 Qe2+ 50. Kh3 Qd3+ 51. Kh4 Qe4+ 52. Bg4 Qh1+ 53. Kg3 Qe1+ 54. Kf4 Qd2+ 55. Kg3 Qxc3+ 56. Bf3 Qxb4 57. Qd8+ Kh7 58.
Qd7 Qe1+ 59. Kg2 Kg8 60. Qd8+ Kg7 61. Qf6+ Kg8 62. Qd8+ Kh7 63. Qd7 Kg8 64. Qd6 Qe3 65. Qd8+ Kg7 66. Qf6+ Kf8 67. Qd6+ Ke8 68. Qf6 Qd2+ 69.
Kg3 Qd7 70. Bg4 Qd3+ 71. Kh4 Qe3 72. Qh8+ Ke7 73. Qf6+ Ke8 74. e6 Qe1+ 75. Kh3 Qe3+ 76. Kg2 Qd2+ 77. Kg3 Qe3+ 78. Kh2 Qd2+ 79. Kh3 Qd3+ 80.
Kh4 Bxe6 81. Qxe6+ Kd8 82. Qc8+ Ke7 83. Qxb7+ Kf8 84. Qb8+ Ke7 85. Qe5+ Kf7 86. Be6+ Kf8 87. Qf6+ Ke8 88. Bf7+ Kd7 89. Bxg6 Qc4+ 90. Kh5 Qe2+ 91.
Kh6 Qh2+ 92. Kg7 a5 93. Bf5+ Kc7 94. Qc3+ Kb6 95. Qb3+ Ka7 96. Qf7+ Kb6 97. Qf6+ Ka7 98. g6 a4 99. Kg8 Qb8+ 100. Qf8 Qe5 101. g7 a3 102.
Qxa3+ Kb6 103. Qf8 Qd5+ 104. Qf7 Qd8+ 105. Kh7 Qh4+ 106. Kg6 Qg3+ 107. Kf6 Qd6+ 108. Qe6 1-0

[Event "*** Titled Tuesday Blitz"]
[Site "Chess.com"]
[Date "2019.04.02"]
[Round "5"]
[White "warmoatmeal"]
[Black "StoreySniper"]
[Result "1/2-1/2"]
[WhiteElo "1792"]
[BlackElo "2470"]
[TimeControl "180+2"]
[EndTime "15:11:13 PDT"]
[Termination "Game drawn by 50-move rule"]

1. d4 Nc6 2. Nf3 d5 3. Bf4 Bf5 4. e3 e6 5. c4 Bxb1 6. Rxb1 Bb4+ 7. Nd2 Nf6 8. Bg5 h6 9. Bxf6 Qxf6 10. a3 Bxd2+ 11. Qxd2 O-O 12. Bd3 dxc4 13. Bxc4 Rad8 14.
Qc2 e5 15. dxe5 Nxe5 16. O-O Qc6 17. Bb3 Qxc2 18. Bxc2 Rd2 19. Rbc1 c6 20. Rfd1 Rfd8 21. Kf1 Nc4 22. Rxd2 Rxd2 23. Ke1 Rd6 24. Rb1 b5 25. Bb3 Na5 26. Ba2 c5 27. b4 cxb4 28. Rxb4 a6 29. Rf4 Rd7 30. Rd4 Rxd4 31. exd4 Kf8 32. Kd2 Ke7 33.
Kc3 f5 34. Kb4 Nb7 35. Bd5 Nd8 36. Kc5 f4 37. Kb6 Kd6 38. Bf3 Ne6 39. d5 Nd4 40.
Kxa6 Kc5 41. d6 Kxd6 42. Kb6 g5 43. h3 Nc2 44. Kxb5 Nxa3+ 45. Kb4 Nc2+ 46. Kc3 Na3 47. Kd4 Nb5+ 48. Ke4 Ke6 49. Bg4+ Kf6 50. g3 fxg3 51. fxg3 Nc3+ 52. Kd3 Nd5 53. h4 Ke5 54. hxg5 hxg5 55.
Kc4 Nf6 56. Bd1 Ne4 57. Kd3 Nxg3 58. Ke3 Nf5+ 59. Kf3 Nd4+ 60. Kg4 Kf6 61. Ba4 Nf5 62. Bd7 Ne3+ 63. Kg3 Nc4 64. Bg4 Ne5 65. Bh3 Kg6 66.
Be6 Kh5 67. Bc8 Kg6 68. Bg4 Kf6 69. Bc8 Nc4 70. Kg4 Nd6 71. Bd7 Ne4 72. Bc8 Nf2+ 73. Kg3 Nd3 74. Bg4 Ke5 75. Bc8 Nf4 76. Kg4 Kf6 77.
Kg3 Nd5 78. Bg4 Ne7 79. Bd7 Nd5 80. Bg4 Nb6 81. Bh3 Kg6 82. Be6 Kf6 83. Bg4 Nd5 84.
Bc8 Nc3 85. Bg4 Ne4+ 86. Kf3 Nd2+ 87. Kg3 Nf1+ 88. Kf2 Nd2 89. Bc8 Ne4+ 90. Kf3 Nd6 91. Bg4 Ke5 92. Kg3 Nc4 93. Bc8 Ne3 94. Bg4 Ke4 95.
Bc8 Ke5 96. Bg4 Nd5 97. Bc8 Nf6 98. Bg4 Kd4 99. Be6 Ke3 100. Bg4 Ne4+ 101. Kg2 Kf4 102. Bd1 Nc3 103. Bh5 Nd5 104. Kh3 Ne3 105. Be2 Nf5 106. Kg2 Nd4 107. Bh5 Nc6 108. Be2 Ne5 109. Bh5 Nc4 110. Be2 Ne3+ 111. Kh3 Nc2 112. Bg4 Nd4 113. Bd1 Nc6 114. Bh5 Ne5 115. Bd1 Nd3 116. Bh5 Nf2+ 117. Kg2 Ne4 118. Bd1 Nc3 119. Bh5 Nb5 120. Bd1 Nd4 121. Bh5 Nf5 122. Kh3 Ng3 123. Bg4 Ne4 124. Bc8 Nf2+ 125. Kg2 Ng4 126. Bd7 Ne3+ 127. Kf2 Nc4 128. Kg2 Ne5 129. Bc8 Nf3 130. Bd7 Ne1+ 131. Kf2 Nd3+ 132. Kg2 Ne5 1/2-1/2

[Event "*** Titled Tuesday Blitz"]
[Site "Chess.com"]
[Date "2019.04.02"]
[Round "6"]
[White "Lion_DL"]
[Black "Phelathegreat"]
[Result "1-0"]
[WhiteElo "2462"]
[BlackElo "2321"]
[TimeControl "180+2"]
[EndTime "15:13:17 PDT"]
[Termination "Lion_DL won by resignation"]

1. e4 e6 2. Nf3 d5 3. e5 c5 4.
b4 cxb4 5. d4 Nc6 6. a3 Bd7 7.
axb4 Bxb4+ 8. c3 Bf8 9. Bd3 Nge7 10. O-O Ng6 11. g3 Be7 12. h4 f6 13. h5 Nf8 14. exf6 gxf6 15. Re1 Qc7 16. Na3 a6 17. Bf4 Bd6 18. Nb5 1-0

[Event "*** Titled Tuesday Blitz"]
[Site "Chess.com"]
[Date "2019.04.02"]
[Round "6"]
[White "Artooooo"]
[Black "LimeInTheCoconut"]
[Result "1-0"]
[WhiteElo "2718"]
[BlackElo "2499"]
[TimeControl "180+2"]
[EndTime "15:14:04 PDT"]
[Termination "Artooooo won by checkmate"]

1. b3 e5 2. Bb2 Nc6 3. Nf3 e4 4. Nd4 Nxd4 5. Bxd4 Nf6 6. e3 Be7 7. d3 exd3 8. Bxd3 O-O 9. c4 b6 10. O-O Bb7 11. h3 d5 12. Qe2 dxc4 13. Bxc4 c5 14.
Bb2 Qc7 15. Nc3 Qc6 16. f3 a6 17. a4 Nh5 18. Nd5 Bd6 19. f4 b5 20. Qxh5 bxc4 21. Nf6+ gxf6 22. Qg4+ Kh8 23. Bxf6# 1-0

[Event "*** Titled Tuesday Blitz"]
[Site "Chess.com"]
[Date "2019.04.02"]
[Round "6"]
[White "kikoveiga"]
[Black "cyber-alekhine2"]
[Result "1-0"]
[WhiteElo "2188"]
[BlackElo "2150"]
[TimeControl "180+2"]
[EndTime "15:14:13 PDT"]
[Termination "kikoveiga won by resignation"]

1. Nf3 f5 2. g3 Nf6 3. Bg2 d6 4. O-O e5 5. d3 Be7 6. Nbd2 O-O 7. e4 f4 8. d4 Nc6 9. Nc4 b5 10. dxe5 bxc4 11. exf6 Bxf6 12. Bxf4 Bxb2 13. Qd5+ Kh8 14. Qxc6 1-0

[Event "*** Titled Tuesday Blitz"]
[Site "Chess.com"]
[Date "2019.04.02"]
[Round "6"]
[White "martinmartinez95"]
[Black "Fandorine"]
[Result "0-1"]
[WhiteElo "2558"]
[BlackElo "2849"]
[TimeControl "180+2"]
[EndTime "15:14:31 PDT"]
[Termination "Fandorine won by resignation"]

1. d4 Nf6 2. c4 g6 3. Nc3 Bg7 4. e4 d6 5. f3 O-O 6. Nge2 Nc6 7. d5 Ne5 8. b3 a6 9. Be3 c6 10. Nd4 Qa5 11. Qd2 c5 12. Nde2 b5 13. cxb5 axb5 14.
Kf2 b4 15. Na4 Neg4+ 16. fxg4 Nxe4+ 0-1

[Event "*** Titled Tuesday Blitz"]
[Site "Chess.com"]
[Date "2019.04.02"]
[Round "6"]
[White "Shant_Sargsyan"]
[Black "AttilaTurzo"]
[Result "1-0"]
[WhiteElo "2943"]
[BlackElo "2571"]
[TimeControl "180+2"]
[EndTime "15:14:39 PDT"]
[Termination "Shant_Sargsyan won by resignation"]

1. Nf3 Nf6 2. c4 e6 3. g3 c5 4.
Bg2 Qc7 5. O-O Nc6 6. Nc3 b6 7. d4 cxd4 8. Nxd4 Bb7 9. Bf4 e5 10. Ndb5 Qb8 11. Bg5 a6 12. Bxf6 axb5 13. cxb5 gxf6 14.
bxc6 dxc6 15. Qb3 b5 16. Nxb5 cxb5 17. Qxb5+ Ke7 18. Bxb7 Ra7 19. Qc5+ Ke6 20. Bc8+ 1-0

[Event "*** Titled Tuesday Blitz"]
[Site "Chess.com"]
[Date "2019.04.02"]
[Round "6"]
[White "GremioPrudente"]
[Black "novocane"]
[Result "1/2-1/2"]
[WhiteElo "2063"]
[BlackElo "2192"]
[TimeControl "180+2"]
[EndTime "15:14:52 PDT"]
[Termination "Game drawn by agreement"]

1. Nf3 c5 2. c4 b6 3. g3 Bb7 4.
Bg2 e6 5. O-O Nf6 6. Nc3 Be7 7.
d4 cxd4 8. Qxd4 d6 9. Bg5 a6 10. Bxf6 Bxf6 11. Qd3 O-O 12. Rfd1 Nc6 13. Qxd6 Qxd6 14.
Rxd6 Bxc3 15. bxc3 Rfd8 16. Rxd8+ Rxd8 17. Rb1 Na5 18. Rb5 axb5 1/2-1/2

[Event "*** Titled Tuesday Blitz"]
[Site "Chess.com"]
[Date "2019.04.02"]
[Round "6"]
[White "melicg25"]
[Black "Vamostodorecto"]
[Result "0-1"]
[WhiteElo "2301"]
[BlackElo "2500"]
[TimeControl "180+2"]
[EndTime "15:15:01 PDT"]
[Termination "Vamostodorecto won by resignation"]

1. d4 Nf6 2. Nf3 g6 3. g3 Bg7 4. Bg2 O-O 5. O-O d5 6. c4 Nc6 7. cxd5 Nxd5 8. Nc3 Bf5 9. e3 Nxc3 10. bxc3 Qd7 11. Re1 Be4 12. Ne5 Nxe5 13. Bxe4 Nc6 14.
Bg2 Rad8 15. Qb3 Na5 16. Qb4 b6 17. Ba3 Rfe8 18. Rab1 e5 19. Red1 Bf8 20. dxe5 Qxd1+ 21. Rxd1 Rxd1+ 22. Bf1 Bxb4 23. Bxb4 Nc4 24. Kg2 Rxf1 25. Kxf1 c5 0-1

[Event "*** Titled Tuesday Blitz"]
[Site "Chess.com"]
[Date "2019.04.02"]
[Round "6"]
[White "Kirill_Klukin"]
[Black "warmoatmeal"]
[Result "1-0"]
[WhiteElo "2567"]
[BlackElo "1792"]
[TimeControl "180+2"]
[EndTime "15:15:22 PDT"]
[Termination "Kirill_Klukin won by resignation"]

1. Nf3 Nf6 2. d4 e6 3. c4 d5 4. Nc3 Bb4 5. Bg5 h6 6. Bxf6 Qxf6 7. Qa4+ Nc6 8. e3 Bd7 9. Qb3 Qe7 10. Nd2 Na5 11.
Qc2 Nxc4 12. Nxc4 dxc4 13. Bxc4 Bc6 14. O-O O-O 15. a3 Bd6 16. Bb5 Bxb5 17. Nxb5 c6 18. Nc3 Qh4 19. g3 Qf6 20. Rfd1 Rfd8 21. e4 e5 22. d5 Bc5 23. Kg2 Bd4 24. Rac1 Bxc3 25. Qxc3 cxd5 26. exd5 Rac8 27. Qxc8 Rxc8 28. Rxc8+ Kh7 29.
d6 e4 30. Rc3 h5 31. d7 Qd8 32.
Rc8 Qf6 33. d8=Q Qf3+ 34. Kg1 h4 35. Qxh4+ 1-0

[Event "*** Titled Tuesday Blitz"]
[Site "Chess.com"]
[Date "2019.04.02"]
[Round "6"]
[White "rst2003"]
[Black "ace_mar"]
[Result "0-1"]
[WhiteElo "2280"]
[BlackElo "2274"]
[TimeControl "180+2"]
[EndTime "15:15:32 PDT"]
[Termination "ace_mar won by resignation"]

1. e4 e5 2. Nf3 Nc6 3. Bc4 Bc5 4. O-O Nf6 5. d3 O-O 6. Nbd2 d6 7. h3 a6 8. Re1 Ba7 9. c3 Ne7 10. Bb3 Ng6 11. Nf1 Nh5 12. d4 Nhf4 13.
Ng3 h6 14. Be3 Qf6 15. Nh2 Re8 16. Qf3 exd4 17. cxd4 Bxd4 18. Bxd4 Qxd4 19. Rac1 c6 20. Ng4 Be6 21. Red1 Qb4 22. Nf5 Bxb3 23. axb3 Qxe4 24. Qg3 0-1

[Event "*** Titled Tuesday Blitz"]
[Site "Chess.com"]
[Date "2019.04.02"]
[Round "6"]
[White "sergeikim"]
[Black "IMDT02"]
[Result "1-0"]
[WhiteElo "2574"]
[BlackElo "2428"]
[TimeControl "180+2"]
[EndTime "15:15:42 PDT"]
[Termination "sergeikim won by resignation"]

1. d4 f5 2. c4 e6 3. g3 Nf6 4.
Bg2 c6 5. Nh3 d5 6. Qc2 Bd6 7.
O-O O-O 8. Nd2 Nbd7 9. Nf3 Ne4 10. Nf4 Qe7 11. Nd3 b6 12. Bf4 Bb7 13. Bxd6 Qxd6 14.
b4 Ba6 15. c5 Qe7 16. Nde5 Nxe5 17. Nxe5 Rfc8 18. a4 b5 19. a5 Rc7 20. Bxe4 dxe4 21. f3 exf3 22. Rxf3 Rd8 23. Rd1 Rd5 24. e4 fxe4 25.
Qxe4 Qd8 26. Rdf1 Rc8 27. Qg4 1-0